AoeStats
← Tanay

Arabia

509249628Analyzed
3v3 RM · 7d ago on Sep 26, 2026· 36m 30s· 6 players
Game mode
Random Map
Map size
Normal (6 player)
Population
200
Speed
Normal
Resources
Standard
Victory
Conquest
Starting age
Dark Age
Ending age
Imperial Age
RankedLock teamsTeams togetherTeam positionsShared explorationLock speedFull tech treeHidden civsTurbo modeCheats
Victory
Defeat
🇧🇷 Ethiopians · Brazil
1214
+15
🇧🇷 Slavs · Brazil
1188
+16
🇧🇷 Malians · Brazil
1169
+16
🇺🇸 Persians · United States
1381
-23
🇮🇳 Mongols · India
1195
-16
🇺🇸 Inca · United States
969
-28
Tanay
19:39 Feudal Age
27:18 Champi Runner
30:00 Double-Bit Axe
33:22 Gold Mining
BoomPichak
8:33 Feudal Age
6:50 Loom
16:22 Wheelbarrow
15:32 Town Watch
20:52 Castle Age
21:28 Bloodlines
23:28 Double-Bit Axe
25:08 Light Cavalry
27:44 Gold Mining
29:34 Husbandry
32:20 Fletching
TeKarino
7:03 Loom
9:09 Feudal Age
10:10 Double-Bit Axe
10:06 Horse Collar
20:28 Castle Age
19:36 Gold Mining
20:51 Bloodlines
20:47 Scale Barding Armor
20:54 Forging
22:00 Chain Barding Armor
23:41 Husbandry
26:30 Wheelbarrow
Wololo 2.0
0:32 Loom
10:59 Feudal Age
20:00 Castle Age
18:21 Double-Bit Axe
18:59 Stone Mining
19:46 Gold Mining
26:01 Forging
25:52 Scale Mail Armor
39:06 Imperial Age
37:13 Wheelbarrow
RANDALZIN
3:17 Loom
9:42 Feudal Age
18:26 Castle Age
16:48 Fletching
18:57 Scale Barding Armor
19:36 Bloodlines
20:44 Town Watch
22:36 Forging
23:21 Husbandry
27:31 Iron Casting
27:51 Wheelbarrow
31:39 Gold Mining
32:07 Horse Collar
32:27 Double-Bit Axe
34:30 Chain Barding Armor
36:26 Heavy Plow
darkdudu
3:54 Loom
10:25 Feudal Age
11:44 Double-Bit Axe
13:51 Fletching
23:26 Castle Age
24:18 Crossbowman
25:03 Thumb Ring
25:01 Bodkin Arrow
25:07 Padded Archer Armor
27:37 Bow Saw
29:20 Ballistics
31:37 Leather Archer Armor
32:19 Stone Mining
32:19 Gold Mining
36:43 Imperial Age
Connection lost

Rejoining the realm…

Still unreachable

The connection could not be restored.

Session expired

The server has moved on; the page needs a fresh start.